 Dungeon Crawl Stone Soup version 0.30.0-29-ga12c61a403 (webtiles) character file.

Game seed: 11457930667887879994

6 NotreDorf the Poker (level 1, -2/18 HPs)
             Began as a Merfolk Berserker on June 12, 2023.
             Was a Follower of Trog.
             Slain by a quokka (5 damage)
             ... on level 1 of the Dungeon.
             The game lasted 00:00:52 (138 turns).

NotreDorf the Poker (Merfolk Berserker)              Turns: 138, Time: 00:00:53

Health: -2/18      AC:  2    Str: 17    XL:     1   Next: 90%
Magic:  1/1        EV: 12    Int:  6    God:    Trog [*.....]
Gold:   0          SH:  0    Dex: 13    Spells: 0/0 levels left

rFire   . . .        a - +0 spear
rCold   . . .        (no shield)
rNeg    . . .        b - +0 animal skin
rPois   .            (no helmet)
rElec   .            (no cloak)
rCorr   .            (no gloves)
SInv    .            (no boots)
Will    .....        (no amulet)
Stlth   +            (no ring)
HPRegen 0.23/turn    (no ring)
MPRegen 0.07/turn

%: no passive effects
@: no status effects
A: (nimble swimmer 2), mertail
a: Renounce Religion, Berserk


You were on level 1 of the Dungeon.
You worshipped Trog.
Trog was aware of your devotion.
You visited 1 branch of the dungeon, and saw 1 of its levels.

Inventory:

Hand Weapons
 a - a +0 spear (weapon)
Missiles
 d - 12 stones (quivered)
Armour
 b - a +0 animal skin (worn)
Scrolls
 c - 3 scrolls of fear {unknown}
 e - a scroll of magic mapping {unknown}
 g - a scroll of teleportation {unknown}
Potions
 f - a potion of degeneration {unknown}


   Skills:
 + Level 3.4 Fighting
 + Level 4.1 Polearms
 + Level 0.3 Throwing
 - Level 1.3 Armour
 + Level 2.9 Dodging


You couldn't memorise any spells.
You didn't know any spells.
Your spell library was empty.

Dungeon Overview and Level Annotations

Branches:
Dungeon (1/15)

Altars:


Innate Abilities, Weirdness & Mutations

((You are very nimble when in or above water. (Stealth+, EV+, Speed+++)))
Your lower body shifts to a powerful aquatic tail in water.


Message History

A rat comes into view.
The kobold throws a stone.
The stone misses you.
A bat comes into view.
Found a falchion.
A goblin comes into view. It is wielding a +0 club.
The bat moves out of view.
You reach to attack!
You barely miss the kobold.
You reach to attack!
You closely miss the kobold.
The goblin shouts!
You closely miss the kobold.
A quokka comes into view.
The kobold misses you.
You barely miss the kobold. The kobold barely misses you.
You closely miss the kobold. The kobold closely misses you.
You hit the kobold but do no damage. The kobold hits you but does no damage.
You hit the kobold.
The kobold is moderately wounded.
The goblin hits you with a +0 club. The kobold hits you but does no damage.
The kobold attacks as you move away! The kobold barely misses you.
The goblin attacks as you move away! The goblin completely misses you.
The goblin attacks as you move away! The goblin closely misses you.
The kobold hits you but does no damage. The kobold attacks as you move away!
The kobold hits you but does no damage. The quokka bites you. The bat hits you.
The rat bites you. The quokka closely misses you.
You barely miss the bat. The bat hits you. The rat closely misses you.
The quokka misses you. The goblin hits you with a +0 club.
* * * LOW HITPOINT WARNING * * *
The rat attacks as you move away! The rat bites you.
* * * LOW HITPOINT WARNING * * *
The bat closely misses you. The quokka attacks as you move away!
The quokka closely misses you. The bat barely misses you.
You closely miss the bat. The bat hits you.
* * * LOW HITPOINT WARNING * * *
The quokka misses you.
You hit the quokka.
The quokka is heavily wounded.
The bat hits you but does no damage. The quokka bites you.
You die...

.#................##.##
......#.#........##♣..#
###..#..>........##
...# .........#..######
P...# #.....#...##
P.P♣. #).......######
#...♣. ##.....#rg###P.+
#.♣... .......#r###PP.#
#..... .......@##
♣..####..... .....#.b#
#♣...#...P.P. ... ....+
#P<..'...♣.♣. . ...#..+
#♣...'......P ###.#..#
#P..P#.P..... . ##.#
#P..####..... . .#.
#P♣.# #.P♣.. .. . .
##P.+ #.♣... ####
#...♣.


You could see a quokka, a goblin, a bat and a rat.

Vanquished Creatures
  3 bats (D:1)
  An endoplasm (D:1)
  A ball python (D:1)
  A kobold (D:1)
  A rat (D:1)
7 creatures vanquished.

Notes
Turn   | Place    | Note
-------+----------+-------------------------------------------
     0 | D:1      | NotreDorf the Merfolk Berserker began the quest for the
                  | Orb.
     0 | D:1      | Reached XP level 1. HP: 18/18 MP: 1/1
   138 | D:1      | Slain by a quokka

Illustrated notes

Levels and vault maps discovered:
D:1:      denvon_arrival_planthouse, layout_basic

Action                     || total
---------------------------++-------
  Melee: Spear             ||    30
 Armour: Animal skin       ||     9
  Dodge: Dodged            ||    25
